Cogmind - Beta 15 @@@ ROGUE MODE // 2025.08.10 @ 23:50:25 Player: Cracklepappy Result: Destroyed by XR-9NR(R) with Subdweller Machine Gun Performance ------------- Evolutions (0) 0 Regions Visited (3) 600 Robots Destroyed (52) 260 Value Destroyed (984) 984 Prototype IDs (12) 240 Alien Tech Used (0) 0 Bonus (55) 55 TOTAL SCORE: 2139 Bonus ------- Follower Combat Kills 55 Cogmind --------- Core Integrity 0/250 Matter 146/300 Energy 250/250 System Corruption 0% Temperature Cool (0) Movement Rolling (145) Ox3 Location -10/Subcaves Parts ------- > --- POWER (1) -------- Ion Engine > --- PROPULSION (2) --- Compact Wheel Compact Wheel > --- UTILITY (2) ------ Huge Storage Unit Light Armor Plating > --- WEAPON (2) ------- Improved Light Cannon Subdweller Shrapnel Launcher > --- INVENTORY (25) --- Light Nuclear Core Wheel Compact Wheel Improved Heat Sink Disposable Heat Sink Cargo Storage Unit High-capacity Matter Pod (200) High-capacity Matter Pod (200) Structural Scanner Experimental Sensor Array Seismic Detector Improved Targeting Computer Hacking Suite Decoy Drone Bay Power Bank Battle Rifle Subdweller Machine Gun Subdweller Machine Gun Improved Light Cannon Battle Cannon Makeshift Hammer Ripper Peak State ------------ > --- POWER ------------ Ion Engine > --- PROPULSION ------- Wheel Wheel > --- UTILITY ---------- Huge Storage Unit Experimental Sensor Array > --- WEAPON ----------- Improved Light Cannon Improved Light Cannon > --- INVENTORY -------- Light Nuclear Core Wheel Wheel Improved Heat Sink Improved Heat Sink High-capacity Storage Unit Cargo Storage Unit Large Matter Pod High-capacity Matter Pod Seismic Detector Improved Targeting Computer Improved Targeting Computer Hacking Suite Tractor Beam Decoy Drone Bay Light Cannon Light Cannon Light Cannon Improved Light Cannon Improved Light Cannon Grenade Launcher Datajack Scythe [Rating: 22] Favorites ----------- Power Ion Engine Engine Ion Engine Propulsion Wheel Wheel Wheel Utility Huge Storage Unit Device Structural Scanner Storage Huge Storage Unit Processor Transport Network Coupler Protection Hardened Medium Armor Plating Weapon Improved Light Cannon Energy Gun EM Pulse Gun Ballistic Gun Assault Rifle Ballistic Cannon Improved Light Cannon Launcher Grenade Launcher Special Weapon Mining Laser Slashing Weapon Scythe Build | -11 -10 -10 -10 ------- Run | Yrd Mat Min Sub Slots Evolved . | . . . . Power . | . . . . Propulsion . | . . . . Utility . | . . . . Weapon . | . . . . Parts Attached 38 | 8 14 6 10 Power 1 | 1 . . . Engine 1 | 1 . . . Core . | . . . . Reactor . | . . . . Propulsion 8 | 2 2 3 1 Treads . | . . . . Leg . | . . . . Wheel 8 | 2 2 3 1 Hover . | . . . . Flight . | . . . . Utility 12 | 2 6 2 2 Device 5 | 1 2 1 1 Storage 3 | 1 2 . . Processor 1 | . 1 . . Hackware . | . . . . Protection 3 | . 1 1 1 Artifact . | . . . . Weapon 17 | 3 6 1 7 Energy Gun 1 | . 1 . . Energy Cannon . | . . . . Ballistic Gun 4 | 3 . . 1 Ballistic Cannon 7 | . 3 . 4 Launcher 2 | . 1 . 1 Special Weapon 1 | . 1 . . Impact Weapon . | . . . . Slashing Weapon 2 | . . 1 1 Piercing Weapon . | . . . . Special Melee Weapon . | . . . . Unidentified Prototypes 1 | . . 1 . Parts Lost 4 | . 1 . 3 Power . | . . . . Propulsion . | . . . . Utility 2 | . 1 . 1 Weapon 2 | . . . 2 Highest Loss Streak 3 | . 1 . 3 To Critical Strikes . | . . . . Average Backups 22 | 4 21 23 22 Power . | . 1 1 1 Propulsion 2 | 2 3 2 2 Utility 10 | . 7 11 11 Weapon 7 | 1 7 7 8 Tool/Special . | . . . . Unused Backups 45 | 2 15 8 20 Power 2 | . . 1 1 Propulsion 7 | 1 2 2 2 Utility 21 | . 7 4 10 Weapon 13 | 1 6 . 6 Tool/Special 2 | . . 1 1 Average Slot Usage (%) 99 | . 99 100 100 Engine 14 | . 14 14 14 Wheel 28 | . 28 28 28 Device 3 | . 6 . 4 Storage 14 | . 14 14 14 Protection 10 | . 7 14 9 Ballistic Gun 3 | . 11 . . Ballistic Cannon 21 | . 15 23 24 Slashing Weapon 2 | . . 4 3 Peak Build Rating 22 | 7 14 22 22 Average Rating 14 | 6 10 15 17 On Entrance 8 | . 7 12 16 Naked Turns . | . . . . Heaviest Build 101 | 15 96 101 101 Greatest Support 32 | 20 20 32 32 Greatest Overweight (x) 5 | . 4 5 3 Average Overweight (x) 3 | . 3 4 2 Largest Inventory Capacity 25 | 8 25 25 25 Average Capacity 24 | 7 23 25 25 Most Carried 25 | 8 25 25 25 Average Carried 23 | 4 21 24 24 Final Capacity 25 | 8 25 25 25 Final Carried 25 | 8 25 25 24 Class Distribution -------------------- 100% | Mutant Dominant Class ---------------- Mutant | -10/Materials Mutant | -10/Mines Mutant | -10/Subcaves Resources | -11 -10 -10 -10 ----------- Run | Yrd Mat Min Sub Matter Collected 1986 | 326 544 530 586 Remotely . | . . . . Salvage Created 1504 | 180 577 477 270 Parts 113 | 18 41 34 20 Haulers Intercepted 2 | . 2 . . Recyclers Shooed 2 | . 2 . . Parts Field Recycled . | . . . . Retrieved Matter . | . . . . Parts Self-Destructed 3 | . . . 3 Prevented . | . . . . Kills | -11 -10 -10 -10 ------- Run | Yrd Mat Min Sub Combat Hostiles Destroyed 24 | . 11 3 10 Guns 4 | . 4 . . Cannons 14 | . 1 3 10 AOE 6 | . 6 . . Classes Destroyed 11 | 3 6 . 2 Worker 5 | 2 . 3 . Builder 2 | . 1 1 . Tunneler 7 | 5 . 2 . Hauler 2 | . 2 . . Recycler 7 | 1 2 4 . Operator 2 | . 2 . . Watcher 3 | . 3 . . Swarmer 6 | . 6 . . Grunt 8 | . 5 3 . Artisan 2 | . . . 2 Subdweller 10 | . . . 10 Best Kill Streak 4 | 4 3 4 2 Combat Bots Only 3 | . 3 2 2 Max Kills in Single Turn 3 | 1 3 1 1 Gunslinging . | . . . . Exploded 3 | . 3 . . Melee . | . . . . Uniques/NPCs Destroyed . | . . . . Combat | -11 -10 -10 -10 -------- Run | Yrd Mat Min Sub Hostile Shots Fired 94 | . 26 13 55 Missed 30 | . 9 4 17 Hits 64 | . 17 9 38 Projectile 64 | . 17 9 38 AOE 2 | . . . 2 Critical Strikes 3 | . 1 . 2 Damage Taken 1270 | . 241 121 908 Core 252 | . 12 14 226 Absorbed by Shields . | . . . . Core Remaining (%) 100 | 100 . . . Volleys Fired 118 | 14 49 9 46 Largest 2 | 2 2 2 2 Hottest 100 | 40 100 66 66 Shots Fired 216 | 28 89 18 81 Gun 82 | 28 53 . 1 Cannon 122 | . 27 18 77 Launcher 5 | . 2 . 3 Special 7 | . 7 . . Kinetic 207 | 28 80 18 81 Thermal 7 | . 7 . . Explosive 2 | . 2 . . Electromagnetic . | . . . . Robot Hit Streak 12 | 3 9 3 12 Robot Miss Streak 5 | 4 5 3 3 Penetration Max . | . . . . Secondary Targets . | . . . . Shots Hit Robots 142 | 16 45 21 60 Core Hits 65 | 9 27 8 21 Critical Kills . | . . . . Critical Parts Destroyed 1 | . 1 . . Critical Strikes 6 | . 2 2 2 Destroy 1 | . 1 . . Blast 5 | . 1 2 2 Melee Attacks 56 | . . 12 44 Impact . | . . . . Slashing 56 | . . 12 44 Piercing . | . . . . Sneak Attacks 19 | . . 12 7 Combat Hostiles . | . . . . Follow-up Attacks . | . . . . Damage Inflicted 3687 | 192 939 943 1613 Guns 617 | 192 425 . . Cannons 1502 | . 253 189 1060 Explosions 533 | . 261 . 272 Melee 1035 | . . 754 281 Ramming . | . . . . Kinetic 2391 | 192 678 189 1332 Thermal . | . . . . Explosive 261 | . 261 . . Electromagnetic . | . . . . Impact . | . . . . Slashing 1035 | . . 754 281 Piercing . | . . . . Highest Corruption . | . . . . Average Corruption . | . . . . Corruption Purged . | . . . . Corruption Blocked . | . . . . Overload Shots . | . . . . Overflow Damage 325 | . 5 253 67 Projectiles . | . . . . Explosions 5 | . 5 . . Melee 320 | . . 253 67 Knockbacks 13 | . 2 2 9 Impact . | . . . . Kinetic 13 | . 2 2 9 Secondary . | . . . . Self-Inflicted Damage 17 | . 17 . . Shots 1 | . 1 . . Rammed . | . . . . Targets Rammed . | . . . . Kicked . | . . . . Crushed . | . . . . Highest Temperature 84 | . 40 84 . Average Temperature 23 | . 14 31 . Received Heat Transfer 285 | . 132 69 84 Siege Activations . | . . . . Martial Activations . | . . . . Shielding Activations . | . . . . Robots Disrupted . | . . . . Combat Hostiles . | . . . . Robots Corrupted . | . . . . Combat Hostiles . | . . . . Parts Fried . | . . . . Impact Corruptions . | . . . . Robots Melted . | . . . . Combat Hostiles . | . . . . Parts Melted . | . . . . Heat Transferred . | . . . . Parts Sabotaged . | . . . . Parts Stolen . | . . . . Parts Stripped . | . . . . Power Chain Reactions . | . . . . Alert | -11 -10 -10 -10 ------- Run | Yrd Mat Min Sub Maximum Alert Level . | . . . . Low Security (%) 100 | 100 100 100 . Level 1 . | . . . . Level 2 . | . . . . Level 3 . | . . . . Level 4 . | . . . . Level 5 . | . . . . High Security . | . . . . Max Security . | . . . . Peak Influence 117 | 10 117 58 . Initial 19 | . . 19 . Average 19 | 2 36 5 . Influence Increases 690 | 40 483 167 . Destroy 0b10 Robot/C 300 | . 220 80 . Destroy 0b10 Robot/NC 140 | 40 50 50 . Destroy Leader 80 | . 60 20 . Allied During Kill 16 | . . 16 . Successful Hack 32 | . 32 . . Select Force Hacks 60 | . 60 . . Disable Machine 15 | . 15 . . Destroy Structure 17 | . 16 1 . Partial Spotted 15 | . 15 . . Lose Combat Pursuer 15 | . 15 . . Influence Decreases 690 | 40 431 219 . Entered New Map 33 | . . 33 . Time Decay 650 | 40 424 186 . Lost Part 7 | . 7 . . Squads Dispatched 5 | . 4 1 . Investigation 4 | . 3 1 . Extermination . | . . . . Reinforcement 1 | . 1 . . Assault . | . . . . Garrison . | . . . . Intercept . | . . . . Searches Triggered . | . . . . Construction Impeded . | . . . . Haulers Reinforced . | . . . . Active Scanning Responses . | . . . . Cargo Convoy Interrupts . | . . . . Stealth | -11 -10 -10 -10 --------- Run | Yrd Mat Min Sub Distress Signals 1 | . 1 . . Communications Jammed . | . . . . Distress Signals . | . . . . Times Spotted 47 | . 27 4 16 Peak Tracking Total 5 | . 5 2 3 Tactical Retreats 1 | . 1 . . Traps | -11 -10 -10 -10 ------- Run | Yrd Mat Min Sub Traps Triggered 1 | . 1 . . Indirectly . | . . . . Trap Hack Attempts . | . . . . Triggered . | . . . . Disarmed . | . . . . Reprogrammed . | . . . . Reused . | . . . . Traps Extracted . | . . . . Installed . | . . . . Triggered . | . . . . Machines | -11 -10 -10 -10 ---------- Run | Yrd Mat Min Sub Machines Disabled 2 | . 1 . 1 Max in Single Turn 1 | . 1 . 1 Machines Repaired . | . . . . Machines Dismantled . | . . . . Machines Sabotaged . | . . . . Overloaded Fab Kills . | . . . . Hacking | -11 -10 -10 -10 --------- Run | Yrd Mat Min Sub Machines Accessed 11 | . 8 2 1 Terminals 6 | . 6 . . Fabricators . | . . . . Repair Stations . | . . . . Recycling Units 2 | . 2 . . Scanalyzers . | . . . . Garrison Access . | . . . . Total Hacks 28 | . 25 2 1 Successful 17 | . 14 2 1 Failed 11 | . 11 . . Catastrophic 1 | . 1 . . Database Lockouts . | . . . . Manual 21 | . 21 . . Terminals 20 | . 20 . . Fabricators . | . . . . Repair Stations . | . . . . Recycling Units 5 | . 5 . . Scanalyzers . | . . . . Garrison Access . | . . . . Terminal Hacks 8 | . 5 2 1 Part Schematic 3 | . 3 . . Robot Schematic 1 | . 1 . . Open Door 2 | . . 2 . Locate Traps 1 | . 1 . . Proto ID Catalog 1 | . . . 1 Fabricator Hacks . | . . . . Repair Station Hacks . | . . . . Recycling Unit Hacks 1 | . 1 . . Retrieve Components 1 | . 1 . . Scanalyzer . | . . . . Garrison Access Hacks . | . . . . Unauthorized Hacks 8 | . 8 . . Terminals 6 | . 6 . . Operators 1 | . 1 . . Skim 5 | . 5 . . Fabricators . | . . . . Repair Stations . | . . . . Recycling Units 2 | . 2 . . Tunnel 2 | . 2 . . Scanalyzers . | . . . . Garrison Access . | . . . . Data Cores Recovered 1 | . 1 . . Used 1 | . 1 . . Hacking Detections 7 | . 7 . . Full Trace Events . | . . . . Feedback Events . | . . . . Feedback Blocked . | . . . . Robot Schematics Acquired 1 | . 1 . . Robots Built . | . . . . Authchips . | . . . . Time . | . . . . Total Robot Build Rating . | . . . . Part Schematics Acquired 3 | . 3 . . Parts Built . | . . . . Authchips . | . . . . Time . | . . . . Total Part Build Rating . | . . . . Parts Repaired . | . . . . Time . | . . . . Parts Recycled . | . . . . Recycled Matter . | . . . . Retrieved Matter . | . . . . Retrieved Components 2 | . 2 . . Parts Scanalyzed . | . . . . Part Schematics Acquired . | . . . . Parts Damaged . | . . . . Bothacking | -11 -10 -10 -10 ------------ Run | Yrd Mat Min Sub Used RIF Installer . | . . . . Robots Hacked . | . . . . Non-combat . | . . . . Combat . | . . . . Robot Hacks Applied . | . . . . Relay Couplers Released . | . . . . Fabnet Peak Effective % . | . . . . Robots Rewired . | . . . . Allies Hacked . | . . . . Hacks Repelled . | . . . . Allies | -11 -10 -10 -10 -------- Run | Yrd Mat Min Sub Total Allies 3 | . . 3 . Largest Group 3 | . . 3 3 Highest-Rated Group 40 | . . 40 40 Highest-Rated Ally 16 | . . 16 16 Total Orders . | . . . . Ally Attacks 19 | . . 5 14 Total Damage 199 | . . 65 134 Kills 2 | . . 1 1 Allies Corrupted . | . . . . Allies Melted . | . . . . Intel | -11 -10 -10 -10 ------- Run | Yrd Mat Min Sub Active Infowar (turns) 1312 | 113 325 1 873 Sensors 312 | . . 1 311 Structural 562 | . . . 562 Seismic 431 | 113 318 . . T.N.C. 7 | . 7 . . Robot Analysis Total . | . . . . Derelict Logs Recovered 3 | . . 1 2 Drone Launches . | . . . . Drone Recoveries . | . . . . Exploration | -11 -10 -10 -10 ------------- Run | Yrd Mat Min Sub Turns Passed 6385 | 167 1666 1812 2740 Spaces Moved 3965 | 96 1079 1102 1688 Core 1 | 1 . . . Treads . | . . . . Legs . | . . . . Wheels 3964 | 95 1079 1102 1688 Hover . | . . . . Flight . | . . . . Fastest Speed 50 | 50 80 135 130 Average Speed 137 | 79 128 149 138 Slowest Speed 155 | 80 140 155 145 Overloaded Moves . | . . . . Propulsion Burnouts . | . . . . Robots Hopped . | . . . . Potential Cave-ins . | . . . . Cave-ins Triggered . | . . . . Exploration Rate (%) 67 | 4 97 98 71 Regions Visited 3 Branch Regions 2 Pre-discovered Areas 4 | . 3 1 . Known Exits Taken 2 | . 1 1 . Unknown Exits Taken 1 | 1 . . . Scrap Searched 5 | . . 2 3 Spaces Dug 26 | . 14 . 12 Terrain Destroyed 66 | . 17 1 48 Melee 8 | . . . 8 Projectile 12 | . 7 1 4 AOE 46 | . 10 . 36 Terrain Rammed . | . . . . Walls Destroyed . | . . . . Machines Disabled . | . . . . Actions | -11 -10 -10 -10 --------- Run | Yrd Mat Min Sub Total 4575 | 158 1255 1235 1927 Wait 229 | 29 37 70 93 Move 3962 | 95 1078 1101 1688 Hop . | . . . . Pick Up 74 | 10 39 15 10 Fast Attach 9 | 7 1 . 1 Attach 4 | . 1 . 3 Detach . | . . . . Swap 68 | 1 26 9 32 Drop 55 | 2 24 19 10 Fire 118 | 14 49 9 46 Melee 56 | . . 12 44 Ram . | . . . . Kick . | . . . . Crush . | . . . . Escape Stasis . | . . . . Rewire . | . . . . Trap . | . . . . Miscellaneous . | . . . . Route ------- -11/Scrapyard -10/Materials (discovered 5 exits: *Mat x3 / *Min / Sub) -10/Mines (discovered 4 exits: *Mat x2 / [*Exi] / *Sub) -10/Subcaves History --------- Turn | Location | Event 6 | -11/Scrapyard | Discovered new exit (range 16) 168 | -11/Scrapyard | Entered Materials 312 | -10/Materials | Build established: Mutant 366 | -10/Materials | Discovered new exit (range 16) 766 | -10/Materials | Discovered new exit (range 15) 1011 | -10/Materials | Discovered new exit (range 8) 1274 | -10/Materials | Discovered new exit (range 15) 1353 | -10/Materials | Loaded intel: 11 trap records 1401 | -10/Materials | Identified exit to Mines 1401 | -10/Materials | Identified exit to Materials 1465 | -10/Materials | Learned Storage stockpile data 1504 | -10/Materials | Identified exit to Subcaves 1834 | -10/Materials | Entered Mines 1840 | -10/Mines | Met a Derelict shopkeep closing up shop 2015 | -10/Mines | Found the Drone Emporium 2024 | -10/Mines | Found Prototype Device 2115 | -10/Mines | Assisted by bots powering up and referring to "LRC-V3" 2160 | -10/Mines | Found DCF Scrap (13 items) 2473 | -10/Mines | Discovered new exit (range 13) 2583 | -10/Mines | Found a damaged Exp. Sensor Array with a note attached 2586 | -10/Mines | Found Prototype Device 2586 | -10/Mines | Identified Exp. Sensor Array 2679 | -10/Mines | Deemed a non-threat by the Exiles lab entrance 3628 | -10/Mines | Discovered exit to Subcaves (range 10) 3646 | -10/Mines | Entered Subcaves 3646 | -10/Subcaves | Accompanied by 3 allies 3703 | -10/Subcaves | Ambushed by Subdweller buried in earth 4138 | -10/Subcaves | Shifting Twisted Machinery released Mak. Sword 4159 | -10/Subcaves | Shifting Twisted Machinery released Battle Rifle 4366 | -10/Subcaves | Shifting Twisted Machinery released Sub. Machine Gun 4379 | -10/Subcaves | Shifting Twisted Machinery released Mak. Hammer 5249 | -10/Subcaves | Ambushed by Subdweller buried in earth 5952 | -10/Subcaves | Learned 2 Materials zone layouts 6008 | -10/Subcaves | Disturbed a concealed Subdweller 6180 | -10/Subcaves | Core integrity fell below 50% 6236 | -10/Subcaves | Lost 3 parts (1u2w) 6307 | -10/Subcaves | Visited 4L-MR0's lab 6318 | -10/Subcaves | Found Power Bank 6383 | -10/Subcaves | A Subdweller sparked back to life 6383 | -10/Subcaves | A Subdweller sparked back to life 6385 | -10/Subcaves | Core integrity fell below 20% 6386 | -10/Subcaves | Destroyed by XR-9NR(R) with Subdweller Machine Gun Last Messages --------------- 06311_ Connecting with 4L-MR0's Prototype Logs... >>Proto ID Catalog Downloading prototype IDs... Meta Core Arachnoskeleton Cargo Legs Tripod Weapons Platform Flightbrick Gun Armor Tower Shield Power Bank Rainbow Chip VL-GR5's Exoskeleton "Deathgrip" Powered Cannon 06313_ Testing Chamber breached. 06318_ Acquired Power Bank. 06322_ 4L-MR0 mumbles: "I'm surprised some of them are even willing to come in here given their fear of my usual visitors." 06383_ NV-VRS(R) creaks and sparks as it begins to move. 06383_ XR-9NR(R) creaks and sparks as it begins to move. Map ----- +----------------------------------------------------+ | ?????????????????????????????????????????????????? | | ?????????????????????????????????????????????????? | | ?????????????????????????????????????????????????? | | ?????????????????????????????????????????????????? | | ?????????????????????????????????????????????????? | | ?????????????????????????? ?????????????????????? | | ?????????????????????? ? ?????????????????????? | | ????????????????????? ? ????????????????????? | | ?????????????????????# ? & ????????????????????? | | ?????????????????????# # ????????????????????? | | ????????????????????## ?????????????????????? | | ????????????????????? R R ???????????????????? | | ????????????????????? ;??????????????????? | | ?????????????????????? R ???????????????????? | | ??????????????????????# ;;???????????????????? | | ??????????????????????? ???????????????????? | | ??????????????????????? ????????????????????? | | ???????????????????????# ????????????????????? | | ???????????????????????# ;????????????????????? | | ???????????????????????# #????????????????????? | | ????????????????###????#; #????????????????????? | | ???????????????## ###### ##????????????????????? | | ???????????????# ##;;; ##???????????????????? | | ????????????????# ;;#???????????????????? | | ####??#####?????# ;#???????????????????? | | """#### #?????# @ ;#???????????????????? | | " "" ### #?##### ;;#???????????????????? | | "" ## ### ;; ;;##???????????????????? | | ## #; ;##????????????????????? | | ## # ##;##?????????????????????? | | #### ## #####??????????????????????? | | #?# #" #??????????????????????????? | | #?# ## ### #?????????????????????????? | | #?# ## #?# #????????????????????????? | | #?# #"" ## #?## #???????????????????????? | | #?#####" #??## ##???????????????????????? | | #?????# ##??## ##????????????????????????? | | #?????## #????###?????????????????????????? | | #??????# ##???????????????????????????????? | | ???????# ##??????????????????????????????? | | ???????# #??????????????????????????????? | | ???????# #??????????????????????????????? | | ???????# #??????????????????????????????? | | ???????# ######??????????????????????????????? | | ???????# #???????????????????????????????????? | | ???# ## #???????????????????????????????????? | | ???# # ## #######?????????????????????????????? | | ??# ###?# ##????????????????????????????? | | ??## ?##?## #?????????????????????????? | | ??# # ### #????????????????????????? | +----------------------------------------------------+ Best States ------------- Heat Dissipation 39 Energy Generation 10 Energy Capacity 250 Matter Stores 300 Matter Capacity 300 Sight Range 16 Robot Scan Range 20 Terrain Scan Density 10 Armor Coverage 225 Evasion (%) 44 Item Schematics ----------------- Wheel | -10/Materials | Hacked Targeting Computer | -10/Materials | Hacked Heat Sink | -10/Materials | Hacked Robot Schematics ------------------ M-13 Machinist | -10/Materials | Hacked Fabricated ------------ Nothing Repaired ---------- Nothing Alien Tech Used ----------------- None Achievements -------------- None Challenges ------------ None Game ------ Seed ChargeArmorPit Manual? 0 Play Time 00:40:01 Cumulative 1233.0 hours Start 2025.08.10 @ 22:40:11 End 2025.08.10 @ 23:50:25 Sessions 1 Manual Loads 0 Difficulty Rogue Special Mode None Game No. 591 Rogue 591 Adventurer 0 Explorer 0 Win Type - Total 23 Types 10/4/3/0/1/1/2/2/0/0 Lore% 91 Gallery% 90 Achievement% 84 Wizard Run 0 Options --------- Layout 0 ASCII 0 Keyboard 0 Movement Numpad Keybinds 0 Fullscreen 2 Font 24/Smallcaps Map View 76x50 Zoom Use 0% Tactical HUD 1 Map Filters NONE Filters SHIFT_HUE(315) Steam 1 RUN: ecacef45-dcb0-4c49-8595-f81c148fa237